 Dungeon Crawl Stone Soup version 0.27-a0-1196-g3e9cee4cb2 (webtiles) character file.

Game seed: 16442648950948855042

1461 pokeman the Thaumaturge (level 8, 0/44 HPs)
             Began as a Deep Elf Hedge Wizard on May 29, 2021.
             Slain by a water moccasin (6 damage)
             ... on level 6 of the Dungeon.
             The game lasted 00:15:34 (7187 turns).

pokeman the Thaumaturge (Deep Elf Hedge Wizard)     Turns: 7187, Time: 00:15:35

Health: 0/44       AC:  8    Str:  7    XL:     8   Next: 48%
Magic:  11/23      EV: 12    Int: 22    God:
Gold:   110        SH:  0    Dex: 14    Spells: 15/26 levels left

rFire    . . .     SeeInvis +   p - +1 short sword (venom)
rCold    . . .     Faith    .   (no shield)
rNeg     . . .     Spirit   .   g - +0 leather armour
rPois    .         Reflect  .   q - +1 helmet {SInv}
rElec    .         Harm     .   (no cloak)
rCorr    .         Rampage  .   h - +2 pair of gloves
Will     .....                  (no boots)
Stlth    ++........             (no amulet)
HPRegen  0.14/turn              (no ring)
MPRegen  0.18/turn              (no ring)

@: no status effects
A: no striking features
a: no special abilities


You were on level 6 of the Dungeon.
You visited 1 branch of the dungeon, and saw 6 of its levels.
You also visited: Sewer.

You collected 194 gold pieces.
You spent 84 gold pieces at shops.

Inventory:

Hand Weapons
 p - a +1 short sword of venom (weapon)
Missiles
 b - 53 arrows
 m - 60 bolts
Armour
 g - a +0 leather armour (worn)
 h - a +2 pair of gloves (worn)
 q - a +1 helmet of see invisible (worn)
Magical Staves
 d - a staff of conjuration
Wands
 n - a wand of flame (69)
 u - a wand of paralysis (6)
Scrolls
 c - a scroll of vulnerability {unknown}
 i - 2 scrolls of magic mapping {unknown}
 j - 2 scrolls of teleportation {unknown}
 k - 2 scrolls of amnesia {unknown}
 l - a scroll of enchant weapon {unknown}
 o - a scroll of enchant armour {unknown}
 s - 4 scrolls of identify
 y - a scroll of holy word {unknown}
Potions
 a - a potion of cancellation {unknown}
 e - 2 potions of heal wounds {unknown}
 f - 6 potions of curing
 r - a potion of brilliance {unknown}
 t - 2 potions of flight {unknown}
 v - 2 potions of magic {unknown}
 w - a potion of might {unknown}
 x - a potion of lignification {unknown}
 z - a potion of berserk rage {unknown}


   Skills:
 - Level 2.0 Fighting
 + Level 2.4 Armour
 - Level 3.0 Dodging
 - Level 3.2 Stealth
 * Level 9.7 Spellcasting
 + Level 5.2 Conjurations
 - Level 1.1 Summonings
 - Level 1.1 Translocations
 + Level 3.8 Fire Magic
 - Level 1.3 Air Magic
 - Level 1.0 Poison Magic
 - Level 1.0 Evocations


You had 15 spell levels left.
You knew the following spells:

 Your Spells              Type           Power      Damage    Failure   Level
a - Magic Dart            Conj           100%       1d8       1%          1
b - Mephitic Cloud        Conj/Pois/Air  21%        N/A       10%         3
c - Call Imp              Summ           15%        N/A       9%          2
d - Blink                 Tloc           N/A        N/A       9%          2
e - Conjure Flame         Conj/Fire      30%        6-21      4%          3

Your spell library contained the following spells:

 Spells                   Type           Power      Damage    Failure   Level
 Animate Skeleton         Necr           20%        N/A       9%          1
 Pain                     Necr           40%        1d6       9%          1
 Slow                     Hex            10%        N/A       14%         2
 Vampiric Draining        Necr           5%         2d6       26%         3
 Animate Dead             Necr           5%         N/A       65%         4
 Agony                    Necr           10%        N/A       94%         5


Dungeon Overview and Level Annotations

Branches:
Dungeon (6/15)              Sewer (visited)
 Temple: D:4-7

Altars:
Ashenzari
Qazlal
Ru
Vehumet
Wu Jian

Shops:
D:1 (!=?(   D:3 *   D:4 (


Message History

Your crimson imp blinks!
Unknown command.
The fire ignites!
Casting: Conjure Flame (dangerous; 4% risk of failure)
Confirm with . or Enter, or press ? or * to list all spells.
Aiming: Mephitic Cloud (dangerous; 10% risk of failure)
Press: ? - help, Shift-Dir - straight line, f - iguana
Aim: an iguana (lightly wounded, chance to affect: 86%)
The ball explodes into a vile cloud!
The stinking cloud engulfs the iguana but does no damage.
The iguana is lightly wounded.
The stinking cloud engulfs your crimson imp but does no damage.
Your crimson imp is moderately wounded.
Your crimson imp blinks!
The iguana is engulfed in noxious fumes.
The iguana appears confused.
Unknown command.
Unknown command.
The iguana is engulfed in noxious fumes.
The iguana appears confused.
Your crimson imp blinks!
Unknown command.
The iguana is engulfed in noxious fumes.
The iguana appears confused.
Your crimson imp blinks!
Unknown command.
The iguana is engulfed in noxious fumes.
The iguana appears confused.
Your crimson imp blinks!
Unknown command.
You hit the iguana.
The iguana is poisoned.
The iguana is heavily wounded.
The iguana is engulfed in blazing flames.
You kill the iguana!
Unknown command.
You closely miss the water moccasin.
The water moccasin is lightly wounded.
The water moccasin is engulfed in blazing flames.
The water moccasin bites you.
You die...

.....#.#.#
#<#..#
.._..#.5.#
#.##†#
!...$#...#
#.##.#
.....#...#
#.##.#
######...#
#....#
.......#S#
####.#
##..#.#.# #..
#.##.#.######
#.. #.
#@S5.....#
.#. #
###........
#########


You could see a water moccasin (ally target) and 2 friendly crimson imps.

Vanquished Creatures
  The ghost of swinepaste the Basher, a novice GrFi (D:4)
  A water moccasin (D:6)
  An ice beast (D:4)
  A necrophage (D:4)
  3 ogres
  A kobold brigand (Sewer)
  A bullfrog (D:6)
  2 scorpions
  A water moccasin skeleton (D:4)
  2 orc priests
  A jelly (D:6)
  A gnoll shaman (D:4)
  An iguana (D:6)
  An orc wizard (D:3)
  A hound skeleton (D:5)
  7 adders
  A river rat (Sewer)
  An ufetubus (D:5)
  3 worms
  6 dart slugs
  6 orcs
  8 ball pythons
  7 bats
  7 endoplasms
  3 giant cockroaches
  8 goblins
  12 hobgoblins
  17 jackals
  12 kobolds
  3 quokkas (D:1)
  3 frilled lizards
  A quokka skeleton (D:4)
  11 rats
135 creatures vanquished.

Vanquished Creatures (collateral kills)
  2 orcs (D:3)
2 creatures vanquished.

Grand Total: 137 creatures vanquished

Notes
Turn   | Place    | Note
-------+----------+-------------------------------------------
     0 | D:1      | pokeman the Deep Elf Hedge Wizard began the quest for the
                  | Orb.
     0 | D:1      | Reached XP level 1. HP: 10/10 MP: 7/7
    82 | D:1      | Found a faded altar of an unknown god.
   236 | D:1      | Found Biteseh's Antique Weapon Emporium.
   292 | D:1      | Reached XP level 2. HP: 15/15 MP: 5/9
   395 | D:1      | Found Jumaz's Distillery.
   799 | D:1      | Found Ymonask's Magic Scroll Boutique.
   819 | D:1      | Found Joreidwe's Jewellery Shoppe.
   836 | D:1      | Reached skill level 5 in Spellcasting
  1130 | D:1      | Reached XP level 3. HP: 20/20 MP: 7/11
  1134 | D:1      | Learned a level 3 spell: Mephitic Cloud
  1137 | D:1      | Learned a level 2 spell: Call Imp
  1140 | D:1      | Learned a level 2 spell: Blink
  1144 | D:1      | Learned a level 3 spell: Conjure Flame
  1247 | D:1      | Found Fome Olaesust's Antique Weapon Shoppe.
  2105 | D:2      | Reached skill level 1 in Armour
  2180 | D:2      | Reached skill level 1 in Fighting
  2327 | D:2      | Reached XP level 4. HP: 19/25 MP: 5/13
  3221 | D:3      | Found a stormy altar of Qazlal.
  3221 | D:3      | Found a sacrificial altar of Ru.
  3282 | D:3      | Found Gaisogim's General Store.
  3312 | D:3      | Reached skill level 1 in Fire Magic
  3560 | D:3      | Reached XP level 5. HP: 29/29 MP: 10/15
  3612 | D:3      | Reached skill level 6 in Spellcasting
  4164 | D:3      | Noticed an ogre
  4173 | D:3      | Killed an ogre
  4174 | D:3      | Reached skill level 1 in Air Magic
  4174 | D:3      | Reached XP level 6. HP: 34/34 MP: 6/17
  4258 | D:3      | Bought a potion of curing for 42 gold pieces
  4258 | D:3      | Bought a scroll of noise for 14 gold pieces
  4258 | D:3      | Bought a scroll of identify for 28 gold pieces
  4583 | D:4      | Noticed swinepaste's ghost (novice GrFi)
  4628 | D:4      | Found a glowing drain.
  4637 | D:4      | Noticed an ice beast
  4641 | Sewer    | Entered a sewer
  4927 | Sewer    | Reached skill level 7 in Spellcasting
  4927 | Sewer    | Reached skill level 1 in Evocations
  5006 | Sewer    | Found a glowing silver altar of Zin.
  5074 | D:4      | Reached skill level 1 in Poison Magic
  5190 | D:4      | Found a runed translucent door.
  5672 | D:4      | Found Wonud's Antique Weapon Boutique.
  5700 | D:4      | Reached XP level 7. HP: 33/38 MP: 10/20
  5959 | D:4      | Reached skill level 8 in Spellcasting
  6239 | D:4      | Killed swinepaste's ghost
  6346 | D:5      | Entered Level 5 of the Dungeon
  6384 | D:5      | Found a broken altar of Ashenzari.
  6500 | D:5      | Reached XP level 8. HP: 44/44 MP: 16/22
  6589 | D:5      | Found an ornate altar of the Wu Jian Council.
  6627 | D:5      | Reached skill level 9 in Spellcasting
  7060 | D:6      | Noticed a +0 dagger
  7060 | D:6      | Noticed a +0 falchion
  7060 | D:6      | Noticed a +0 spear
  7060 | D:6      | Noticed a +0 dagger
  7061 | D:6      | Noticed a +0 spear
  7061 | D:6      | Noticed a +0 short sword
  7062 | D:6      | Noticed a +0 falchion
  7065 | D:6      | Noticed a +0 short sword
  7068 | D:6      | Reached skill level 5 in Conjurations
  7155 | D:6      | Found a radiant altar of Vehumet.
  7187 | D:6      | Slain by a water moccasin

Illustrated notes

Levels and vault maps discovered:
D:1:      sevenhm_arrival_forest_fort_small_3, layout_basic,
          chequers_ecumenical_altar_island, serial_shops,
          nicolae_shop_temple_entry_statues_fountains, shop, shop_statue,
          nicolae_shop_crystal, nicolae_shop_behind_doors, feat_on_display
D:2:      layout_basic
D:3:      layout_rooms, gammafunk_temple_overflow_elements, serial_shops,
          nicolae_shop_statue_plus
D:4:      layout_basic, cheibrodos_sewer_entry_drain,
          hellmonk_ghost_happy_afterlife, serial_shops,
          nicolae_shop_competitors_out_of_business, minmay_circle_x
D:5:      layout_rooms, general_overflow_altar, ashenzari_altar_1
D:6:      layout_loops_ring, nicolae_uskayaw_en_pointe, amcnicky_altar_gilded,
          minmay_temple_entry_nine_rooms, gammafunk_ghost_cemetery,
          uniq_eustachio

Skill      XL: |  1  2  3  4  5  6  7  8 |
---------------+-------------------------+-----
Spellcasting   | 5 6 7 8 9 |  9.7
Conjurations   | 2 3 4 5 |  5.2
Armour         | 1 2 |  2.4
Fighting       | 1 2 |  2.0
Fire Magic     | 1 3 |  3.8
Dodging        | 3 |  3.0
Stealth        | 3 |  3.2
Air Magic      | 1 |  1.3
Evocations     | 1 |  1.0
Poison Magic   | 1 |  1.0
Summonings     | |  1.1
Translocations | |  1.1

Action                   |  1- 3 |  4- 6 |  7- 9 || total
-------------------------+-------+-------+-------++-------
Melee: Dagger            |     4 |     9 |       ||    13
       Short sword       |       |    24 |    24 ||    48
 Cast: Magic Dart        |   113 |   157 |    64 ||   334
       Mephitic Cloud    |       |     9 |     3 ||    12
       Call Imp          |       |     7 |    12 ||    19
       Blink             |       |     3 |       ||     3
       Conjure Flame     |       |     1 |     9 ||    10
 Stab: Confused          |       |     2 |     1 ||     3
       Sleeping          |       |     1 |       ||     1
Armor: Robe              |     1 |       |       ||     1
       Leather armour    |     4 |    20 |     7 ||    31
Dodge: Dodged            |    15 |    48 |    19 ||    82

Table legend: (Time is in decaauts)
 A = Elapsed time spent in this place.
 B = Non-inter-level travel time spent in this place.
 C = Inter-level travel time spent in this place.
 D = Time resting spent in this place.
 E = Time spent auto-exploring this place.
 F = Levels seen in this place.
 G = Mean time per level.
                   A        B        C        D        E       F      G
               +--------+--------+--------+--------+--------+-----+--------+
         Total |   7230 |   6949 |    281 |    307 |   5513 |   7 | 1032.9 |
       Dungeon |   6793 |   6512 |    281 |     93 |   5333 |   6 | 1132.2 |
         Sewer |    436 |    436 |      0 |    214 |    180 |   1 |  436.0 |
               +--------+--------+--------+--------+--------+-----+--------+

Top non-repeatable levels by time:
     D:1: 1928 daAuts
     D:3: 1444 daAuts
     D:4: 1321 daAuts
     D:2: 1256 daAuts
     D:5: 702 daAuts
   Sewer: 436 daAuts
     D:6: 139 daAuts
